Workbook
Name Приложение2: пр4!$A$4:$G$94
Name Приложение2: пр5!$A$4:$H$94

Sheet пр.1
B2: Приложение № 1
B3: к решению "О бюджете
B4: Новофедоровского сельского поселения
B5: Старошйговского муниципального района
B6: на 2021 год и на плановый период 2022 и 2023 годов"
B7: от 22 апреля 2021 г.№42
B8: Доходы бюджета Новофедоровского сельского поселения Старошайговского муниципального района на 2021 год и на плановый период 2022 и 2023 годов
E10: (тыс. руб.)
A11: Код | C11: 2021 | D11: 2022 | E11: 2023 | F11: 2021 | G11: 2022 | H11: 2023
A12: 0 00 00000 00 0000 000 | B12: ВСЕГО ДОХОДОВ | C12: =C13+C30 -> 4077.1 | D12: =D13+D30 -> 3042 | E12: =E13+E30 -> 3130.9 | F12: =F13+F30 -> 3602.1 | G12: =G13+G30 -> 3042 | H12: =H13+H30 -> 3130.9 | I12: =C12-F12 -> 475 | J12: =D12-G12 -> 0 | K12: =E12-H12 -> 0
A13: 1 00 00000 00 0000 000 | B13: ДОХОДЫ | C13: =C14+C19+C21+C25+C28 -> 2501.7 | D13: =D14+D19+D21+D25+D28 -> 1539.4 | E13: =E14+E19+E21+E25+E28 -> 1582.8 | F13: =F14+F19+F21+F25+F28 -> 1496.2 | G13: =G14+G19+G21+G25+G28 -> 1539.4 | H13: =H14+H19+H21+H25+H28 -> 1582.8 | I13: =C13-F13 -> 1005.5 | J13: =D13-G13 -> 0 | K13: =E13-H13 -> 0
A14: 1 01 00000 00 0000 000 | B14: НАЛОГИ НА ПРИБЫЛЬ, ДОХОДЫ | C14: =C15 -> 28.6 | D14: =D15 -> 29.7 | E14: =E15 -> 30.9 | F14: =F15 -> 28.6 | G14: =G15 -> 29.7 | H14: =H15 -> 30.9 | I14: =C14-F14 -> 0 | J14: =D14-G14 -> 0 | K14: =E14-H14 -> 0
A15: 1 01 02000 01 0000 110 | B15: Налог на доходы физических лиц | C15: =SUM(C16:C18) -> 28.6 | D15: =SUM(D16:D18) -> 29.7 | E15: =SUM(E16:E18) -> 30.9 | F15: =SUM(F16:F18) -> 28.6 | G15: =SUM(G16:G18) -> 29.7 | H15: =SUM(H16:H18) -> 30.9 | I15: =C15-F15 -> 0 | J15: =D15-G15 -> 0 | K15: =E15-H15 -> 0
A16: 1 01 02010 01 0000 110 | B16: Налог на доходы физических лиц с доходов, источником которых является налоговый агент, за исключением доходов, в отношении которых исчисление и уплата налога осуществляются в соответствии со статьями 227, 227.1 и 228 Налогового кодекса Российской Федерации | C16: 24.6 | D16: 25.2 | E16: 25.4 | F16: 24.6 | G16: 25.2 | H16: 25.4 | I16: =C16-F16 -> 0 | J16: =D16-G16 -> 0 | K16: =E16-H16 -> 0
A17: 1 01 02020 01 0000 110 | B17: Налог на доходы физических лиц с доходов, полученных от осуществления деятельности физическими лицами, зарегистрированными в качестве индивидуальных предпринимателей, нотариусов, занимающихся частной практикой, адвокатов, учредивших адвокатские кабинеты, и других лиц, занимающихся частной практикой в соответствии со статьей 227 Налогового кодекса Российской Федерации | C17: 3 | D17: 3.5 | E17: 3.5 | F17: 3 | G17: 3.5 | H17: 3.5 | I17: =C17-F17 -> 0 | J17: =D17-G17 -> 0 | K17: =E17-H17 -> 0
A18: 1 01 02030 01 0000 110 | B18: Налог на доходы физических лиц с доходов, полученных физическими лицами в соответствии со статьей 228 Налогового кодекса Российской Федерации | C18: 1 | D18: 1 | E18: 2 | F18: 1 | G18: 1 | H18: 2 | I18: =C18-F18 -> 0 | J18: =D18-G18 -> 0 | K18: =E18-H18 -> 0
A19: 1 05 0000 00 0000 000 | B19: НАЛОГИ НА СОВОКУПНЫЙ ДОХОД | C19: =C20 -> 0 | D19: =D20 -> 0 | E19: =E20 -> 0 | F19: =F20 -> 0 | G19: =G20 -> 0 | H19: =H20 -> 0 | I19: =C19-F19 -> 0 | J19: =D19-G19 -> 0 | K19: =E19-H19 -> 0
A20: 1 05 03000 01 0000 110 | B20: Единый сельскохозяйственный налог | I20: =C20-F20 -> 0 | J20: =D20-G20 -> 0 | K20: =E20-H20 -> 0
A21: 1 06 00000 00 0000 000 | B21: НАЛОГИ НА ИМУЩЕСТВО | C21: =SUM(C22:C24) -> 1464 | D21: =SUM(D22:D24) -> 1506 | E21: =SUM(E22:E24) -> 1548 | F21: =SUM(F22:F24) -> 1464 | G21: =SUM(G22:G24) -> 1506 | H21: =SUM(H22:H24) -> 1548 | I21: =C21-F21 -> 0 | J21: =D21-G21 -> 0 | K21: =E21-H21 -> 0
A22: 1 06 01030 10 0000 110 | B22: Налог на имущество физических лиц, взимаемый по ставкам, применяемым к объектам налогообложения, расположенным в границах сельских поселений | C22: 69 | D22: 71 | E22: 72 | F22: 69 | G22: 71 | H22: 72 | I22: =C22-F22 -> 0 | J22: =D22-G22 -> 0 | K22: =E22-H22 -> 0
A23: 1 06 06033 10 0000 110 | B23: Земельный налог с организаций, обладающих земельным участком, расположенным в границах сельских поселений | C23: 444.2 | D23: 444.2 | E23: 525.2 | F23: 444.2 | G23: 444.2 | H23: 525.2 | I23: =C23-F23 -> 0 | J23: =D23-G23 -> 0 | K23: =E23-H23 -> 0
A24: 1 06 06043 10 0000 110 | B24: Земельный налог с физических лиц, обладающих земельным участком, расположенным в границах сельских поселений | C24: 950.8 | D24: 990.8 | E24: 950.8 | F24: 950.8 | G24: 990.8 | H24: 950.8 | I24: =C24-F24 -> 0 | J24: =D24-G24 -> 0 | K24: =E24-H24 -> 0
A25: 1 11 00000 00 0000 000 | B25: ДОХОДЫ ОТ ИСПОЛЬЗОВАНИЯ ИМУЩЕСТВА, НАХОДЯЩЕГОСЯ В ГОСУДАРСТВЕННОЙ И МУНИЦИПАЛЬНОЙ СОБСТВЕННОСТИ | C25: =SUM(C26:C27) -> 3.6 | D25: =SUM(D26:D27) -> 3.7 | E25: =SUM(E26:E27) -> 3.9 | F25: =SUM(F26:F27) -> 3.6 | G25: =SUM(G26:G27) -> 3.7 | H25: =SUM(H26:H27) -> 3.9 | I25: =C25-F25 -> 0 | J25: =D25-G25 -> 0 | K25: =E25-H25 -> 0
A26: 1 11 05035 10 0000 120 | B26: Доходы от сдачи в аренду имущества, находящегося в оперативном управлении органов управления сельских поселений и созданных ими учреждений (за исключением имущества муниципальных бюджетных и автономных учреждений) | C26: 3.6 | D26: 3.7 | E26: 3.9 | F26: 3.6 | G26: 3.7 | H26: 3.9 | I26: =C26-F26 -> 0 | J26: =D26-G26 -> 0 | K26: =E26-H26 -> 0
A27: 1 11 09045 1 00000 100 | B27: Прочие поступления от использования имущества, находящегося в собственности сельских поселений (за исключением имущества муниципальных бюджетных и автономных учреждений, а также имущества муниципальных унитарных предприятий, в том числе казенных) | I27: =C27-F27 -> 0 | J27: =D27-G27 -> 0 | K27: =E27-H27 -> 0
A28: 1 14 00000 00 0000 000 | B28: ПРОЧИЕ НЕНАЛОГОВЫЕ ДОХОДЫ | C28: 1005.5 | D28: 0 | E28: 0 | F28: 0 | G28: 0 | H28: 0 | I28: =C28-F28 -> 1005.5 | J28: =D28-G28 -> 0 | K28: =E28-H28 -> 0
A29: 1 14 06025 10 0000 430 | B29: Продажа земли | C29: 1005.5 | I29: =C29-F29 -> 1005.5 | J29: =D29-G29 -> 0 | K29: =E29-H29 -> 0
A30: 2 00 00000 00 0000 000 | B30: БЕЗВОЗМЕЗДНЫЕ ПОСТУПЛЕНИЯ | C30: =C31 -> 1575.4 | D30: =D31 -> 1502.6 | E30: =E31 -> 1548.1 | F30: =F31 -> 2105.9 | G30: =G31 -> 1502.6 | H30: =H31 -> 1548.1 | I30: =C30-F30 -> -530.5 | J30: =D30-G30 -> 0 | K30: =E30-H30 -> 0
A31: 2 02 00000 00 0000 000 | B31: Безвозмездные поступления от других бюджетов бюджетной системы Российской Федерации | C31: =C32+C43+C46+C41 -> 1575.4 | D31: =D32+D43+D46 -> 1502.6 | E31: =E32+E43+E46 -> 1548.1 | F31: =F32+F43+F46+F41 -> 2105.9 | G31: =G32+G43+G46 -> 1502.6 | H31: =H32+H43+H46 -> 1548.1 | I31: =C31-F31 -> -530.5 | J31: =D31-G31 -> 0 | K31: =E31-H31 -> 0
A32: 2 02 10000 00 0000 150 | B32: Дотации бюджетам бюджетной системы Российской Федерации | C32: =C33+C40 -> 395.7 | D32: =D33 -> 0 | E32: =E33 -> 0 | F32: =F33+F40 -> 395.6 | G32: =G33 -> 0 | H32: =H33 -> 0 | I32: =C32-F32 -> 0.1 | J32: =D32-G32 -> 0 | K32: =E32-H32 -> 0
A33: 2 02 15001 00 0000 150 | B33: Дотации на выравнивание бюджетной обеспеченности | C33: =C34 -> 0 | D33: =D34 -> 0 | E33: =E34 -> 0 | F33: =F34 -> 0 | G33: =G34 -> 0 | H33: =H34 -> 0 | I33: =C33-F33 -> 0 | J33: =D33-G33 -> 0 | K33: =E33-H33 -> 0
A34: 2 02 15001 10 0000 150 | B34: Дотации бюджетам сельских поселений на выравнивание бюджетной обеспеченности | I34: =C34-F34 -> 0 | J34: =D34-G34 -> 0 | K34: =E34-H34 -> 0
A35: 2 02 20000 00 0000 150 | B35: Субсидии бюджетам бюджетной системы Российской Федерации (межбюджетные субсидии) | C35: =C38 -> 0 | D35: =D38 -> 0 | E35: =E38 -> 0 | F35: =F38 -> 0 | G35: =G38 -> 0 | H35: =H38 -> 0 | I35: =C35-F35 -> 0 | J35: =D35-G35 -> 0 | K35: =E35-H35 -> 0
A36: 2 02 29999 10 0000 150 | B36: Прочие субсидии бюджетам сельских поселений | C36: =C38 -> 0 | D36: =D38 -> 0 | E36: =E38 -> 0 | F36: =F38 -> 0 | G36: =G38 -> 0 | H36: =H38 -> 0 | I36: =C36-F36 -> 0 | J36: =D36-G36 -> 0 | K36: =E36-H36 -> 0
A37: в том числе: | I37: =C37-F37 -> 0 | J37: =D37-G37 -> 0 | K37: =E37-H37 -> 0
A38: 2 02 29999 10 0000 150 | B38: Субсидии для софинансирование расходных обязательств сельских поселений по финансовому обеспечению деятельности муниципальных казенных учреждений и финансовому обеспечению выполнения муниципального задания бюджетными и автономными муниципальными учреждениями | C38: =2179.7-2179.7 -> 0 | D38: =2179.7-2179.7 -> 0 | E38: =2179.7-2179.7 -> 0 | F38: =2179.7-2179.7 -> 0 | G38: =2179.7-2179.7 -> 0 | H38: =2179.7-2179.7 -> 0 | I38: =C38-F38 -> 0 | J38: =D38-G38 -> 0 | K38: =E38-H38 -> 0
A39: 2 02 25555 10 0000 150 | B39: Субсидии бюджетам сельских поселений на реализацию программ формирования современной городской среды | I39: =C39-F39 -> 0 | J39: =D39-G39 -> 0 | K39: =E39-H39 -> 0
A40: 2 02 15002 10 0000 150 | B40: Дотации бюджетам сельских поселений на поддержку мер по обеспечению сбалансированности бюджетов | C40: 395.7 | F40: 395.6 | I40: =C40-F40 -> 0.1 | J40: =D40-G40 -> 0 | K40: =E40-H40 -> 0
B41: Субсидии | C41: =C42 -> 296.7 | D41: =D42 -> 0 | E41: =E42 -> 0 | F41: =F42 -> 296.7 | G41: =G42 -> 0 | H41: =H42 -> 0 | I41: =C41-F41 -> 0 | J41: =D41-G41 -> 0 | K41: =E41-H41 -> 0
A42: 2 02 49999 10 0000 150 | B42: Субсидии на софинансирование расходных обязательств по финансовому обеспечению деятельности органов местного самоуправления и муниципальных учреждений | C42: 296.7 | F42: 296.7 | I42: =C42-F42 -> 0 | J42: =D42-G42 -> 0 | K42: =E42-H42 -> 0
A43: 2 02 30000 00 0000 150 | B43: Субвенции бюджетам бюджетной системы Российской Федерации | C43: =C44+C45 -> 87.1 | D43: =D44+D45 -> 87.7 | E43: =E44+E45 -> 90.4 | F43: =F44+F45 -> 87.1 | G43: =G44+G45 -> 87.7 | H43: =H44+H45 -> 90.4 | I43: =C43-F43 -> 0 | J43: =D43-G43 -> 0 | K43: =E43-H43 -> 0
A44: 2 02 30024 10 0000 150 | B44: Субвенции бюджетам сельских поселений на выполнение передаваемых полномочий субъектов Российской Федерации | C44: 0.3 | D44: 0.3 | E44: 0.3 | F44: 0.3 | G44: 0.3 | H44: 0.3 | I44: =C44-F44 -> 0 | J44: =D44-G44 -> 0 | K44: =E44-H44 -> 0
A45: 2 02 35118 10 0000 151 | B45: Субвенции бюджетам сельских поселений на осуществление первичного воинского учета на территориях, где отсутствуют военные комиссариаты | C45: 86.8 | D45: 87.4 | E45: 90.1 | F45: 86.8 | G45: 87.4 | H45: 90.1 | I45: =C45-F45 -> 0 | J45: =D45-G45 -> 0 | K45: =E45-H45 -> 0
B46: Иные межбюджетные трансферты | C46: =C47 -> 795.9 | D46: =D47 -> 1414.9 | E46: =E47 -> 1457.7 | F46: =F47 -> 1326.5 | G46: =G47 -> 1414.9 | H46: =H47 -> 1457.7 | I46: =C46-F46 -> -530.6 | J46: =D46-G46 -> 0 | K46: =E46-H46 -> 0
A47: 2 02 40014 10 0000 150 | B47: Межбюджетные трансферты, передаваемые бюджетам сельских поселений из бюджетов муниципальных районов на осуществление части полномочий по решению вопросов местного значения в соответствии с заключенными соглашениями | C47: =1326.5-530.6 -> 795.9 | D47: 1414.9 | E47: 1457.7 | F47: 1326.5 | G47: 1414.9 | H47: 1457.7 | I47: =C47-F47 -> -530.6 | J47: =D47-G47 -> 0 | K47: =E47-H47 -> 0

Sheet пр.2
C2: Приложение №2
C3: к решению "О бюджете
C4: Старошайговского сельского поселения
C5: Старошйговского муниципального района
C6: на 2019 год"
C7: от декабря 2018г.№
A8: Главные распорядители средств бюджета муниципального образования - Администраторы доходов бюджета Старошайговского сельского поселения
A10: Код бюджетной классификации РФ | C10: Наименование
A11: администратора доходов | B11: дохода местного бюджета
A12: 1 | B12: 2 | C12: 3
A13: 929 | C13: Администрация Старошайговского поселения Старошайговского муниципального района Республики Мордовия
A15: 929 | B15: 1 11 03050 10 0000 120 | C15: Проценты, полученные от предоставления бюджетных кредитов внутри страны за счет средств бюджетов поселений
A16: 929 | B16: 1 11 05035 10 0000 120 | C16: Доходы от сдачи в аренду имущества, находящегося в оперативном управлении органов управления поселений и созданных ими учреждений (за исключением имущества муниципальных бюджетных и автономных учреждений)
A17: 929 | B17: 1 11 05075 10 0000 120 | C17: Доходы от сдачи в аренду имущества, составляющего казну поселений (за исключением земельных участков)
A18: 929 | B18: 1 11 08050 10 0000 120 | C18: Средства, получаемые от передачи имущества, находящегося в собственности поселений (за исключением имущества муниципальных бюджетных и автономных учреждений, а также имущества муниципальных унитарных предприятий, в том числе казенных), в залог, в доверительное управление
A19: 929 | B19: 1 11 09045 10 0000 120 | C19: Прочие поступления от использования имущества, находящегося в собственности поселений (за исключением имущества муниципальных бюджетных и автономных учреждений, а также имущества муниципальных унитарных предприятий, в том числе казенных)
A20: 929 | B20: 1 13 01995 10 0000 130 | C20: Прочие доходы от оказания платных услуг (работ) получателями средств бюджетов поселений
A21: 929 | B21: 1 13 02995 10 0000 130 | C21: Прочие доходы от компенсации затрат бюджетов поселений
A22: 929 | B22: 1 13 02995 10 0001 130 | C22: Прочие доходы от компенсации затрат бюджетов поселений, источником которого являются межбюджетные трансферты федерального бюджета
A23: 929 | B23: 1 13 02995 10 0002 130 | C23: Прочие доходы от компенсации затрат бюджетов поселений, источником которого являются средства республиканского бюджета
A24: 929 | B24: 1 13 02995 10 0004 130 | C24: Прочие доходы от компенсации затрат бюджетов поселений, источником которого являются средства муниципального бюджета
A25: 929 | B25: 1 13 02995 10 0005 130 | C25: Прочие доходы от компенсации затрат бюджетов поселений, источником которого являются средства поселений
A26: 929 | B26: 1 14 02053 10 0000 410 | C26: Доходы от реализации иного имущества, находящегося в собственности поселений (за исключением имущества муниципальных бюджетных и автономных учреждений, а также имущества муниципальных унитарных предприятий, в том числе казенных), в части реализации основных средств по указанному имуществу
... A47: 929 | B47: 2 08 05000 10 0000 150 | C47: Перечисления из бюджетов сельских поселений (в бюджеты поселений) для осуществления возврата (зачета) излишне уплаченных или излишне взысканных сумм налогов, сборов и иных платежей, а также сумм процентов за несвоевременное осуществление такого возврата и процентов, начисленных на излишне взысканные суммы

Sheet пр.3
C1: Приложение 3 к решению сессии "О бюджете Старошайговского сельского поселения Старошайговского муниципального района РМ на 2019 год" от декабря 2018 г.№
A2: ПЕРЕЧЕНЬ ГЛАВНЫХ АДМИНИСТРАТОРОВ ИСТОЧНИКОВ ФИНАНСИРОВАНИЯ ДЕФИЦИТА БЮДЖЕТА СТАРОШАЙГОВСКОГО СЕЛЬСКОГО ПОСЕЛЕНИЯ СТАРОШАЙГОВСКОГО МУНИЦИПАЛЬНОГО РАЙОНА
A3: Код бюджетной классификации Российской Федерации | C3: Наименование главного администратора источников финансирования дефицита бюджета
A4: администратора | B4: источников внутреннего финансирования дефицита районного бюджета
A8: 1 | B8: 2 | C8: 3
A10: 1 | C10: Администрация Старошайговского сельского поселения
A11: 929 | B11: 01 02 00 00 00 0000 000 | C11: Кредиты кредитных организаций в валюте Российской Федерации
A12: 929 | B12: 01 02 00 00 00 0000 800 | C12: Погашение кредитов, предоставленных кредитными организациями в валюте Российской Федерации
A13: 929 | B13: 01 02 00 00 10 0000 810 | C13: Погашение бюджетами сельских поселений кредитов от кредитных организаций в валюте Российской Федерации
A14: 929 | B14: 01 03 00 00 00 0000 700 | C14: Получение бюджетных кредитов от других Бюджетов бюджетной системы Российской Федерации в валюте Российской Федерации
A15: 929 | B15: 01 03 01 00 10 0000 710 | C15: Получение кредитов от других бюджетов бюджетной системы Российской Федерации бюджетами сельских поселений в валюте Российской Федерации
A16: 929 | B16: 01 03 00 00 00 0000 800 | C16: Погашение бюджетных кредитов, полученных от других бюджетов бюджетной системы Российской Федерации в валюте Российской Федерации
A17: 929 | B17: 01 03 01 00 10 0000 810 | C17: Погашение бюджетами сельких поселений кредитов от других бюджетов бюджетной системы Российской Федерации в валюте Российской Федерации
A18: 929 | B18: 01 06 05 00 00 0000 000 | C18: Бюджетные кредиты, предоставленные внутри страны в валюте Российской Федерации
A19: 929 | B19: 01 06 05 00 00 0000 600 | C19: Возврат бюджетных кредитов, предоставленных внутри страны в валюте Российской Федерации
A20: 929 | B20: 01 06 05 02 00 0000 640 | C20: Возврат бюджетных кредитов, предоставленных другим бюджетам бюджетной системы Российской Федерации в валюте Российской Федерации
A21: 929 | B21: 01 06 05 02 10 0000 640 | C21: Возврат бюджетных кредитов, предоставленных другим бюджетам бюджетной системы Российской Федерации из бюджетов сельских поселений в валюте Российской Федерации

Sheet пр 2
C2: Приложение № 2
C3: к решению "О бюджете
C4: Новофедоровского сельского поселения
C5: Старошйговского муниципального района
C6: на 2021 год и на плановый период 2022 и 2023 годов"
C7: от 22 апреля 2021 г.№42
A8: Главные распорядители средств бюджета муниципального образования - Администраторы доходов бюджета Новофедоровского сельского поселения
A10: Код бюджетной классификации РФ | C10: Наименование
A11: администратора доходов | B11: дохода местного бюджета
A12: 1 | B12: 2 | C12: 3
A13: 926 | C13: Администрация Новофедоровского поселения Старошайговского муниципального района Республики Мордовия
A15: 926 | B15: 1 11 03050 10 0000 120 | C15: Проценты, полученные от предоставления бюджетных кредитов внутри страны за счет средств бюджетов поселений
A16: 926 | B16: 1 11 05035 10 0000 120 | C16: Доходы от сдачи в аренду имущества, находящегося в оперативном управлении органов управления поселений и созданных ими учреждений (за исключением имущества муниципальных бюджетных и автономных учреждений)
A17: 926 | B17: 1 11 05075 10 0000 120 | C17: Доходы от сдачи в аренду имущества, составляющего казну поселений (за исключением земельных участков)
A18: 926 | B18: 1 11 08050 10 0000 120 | C18: Средства, получаемые от передачи имущества, находящегося в собственности поселений (за исключением имущества муниципальных бюджетных и автономных учреждений, а также имущества муниципальных унитарных предприятий, в том числе казенных), в залог, в доверительное управление
A19: 926 | B19: 1 11 09045 10 0000 120 | C19: Прочие поступления от использования имущества, находящегося в собственности поселений (за исключением имущества муниципальных бюджетных и автономных учреждений, а также имущества муниципальных унитарных предприятий, в том числе казенных)
A20: 926 | B20: 1 13 01995 10 0000 130 | C20: Прочие доходы от оказания платных услуг (работ) получателями средств бюджетов поселений
A21: 926 | B21: 1 13 02995 10 0000 130 | C21: Прочие доходы от компенсации затрат бюджетов поселений
A22: 926 | B22: 1 13 02995 10 0001 130 | C22: Прочие доходы от компенсации затрат бюджетов поселений, источником которого являются межбюджетные трансферты федерального бюджета
A23: 926 | B23: 1 13 02995 10 0002 130 | C23: Прочие доходы от компенсации затрат бюджетов поселений, источником которого являются средства республиканского бюджета
A24: 926 | B24: 1 13 02995 10 0004 130 | C24: Прочие доходы от компенсации затрат бюджетов поселений, источником которого являются средства муниципального бюджета
A25: 926 | B25: 1 13 02995 10 0005 130 | C25: Прочие доходы от компенсации затрат бюджетов поселений, источником которого являются средства поселений
A26: 926 | B26: 1 14 02053 10 0000 410 | C26: Доходы от реализации иного имущества, находящегося в собственности поселений (за исключением имущества муниципальных бюджетных и автономных учреждений, а также имущества муниципальных унитарных предприятий, в том числе казенных), в части реализации основных средств по указанному имуществу
... A37: 926 | B37: 2 02 02051 10 0000 150 | C37: Субсидии бюджетам поселений на реализацию федеральных целевых программ
A38: 926 | B38: 2.0204053e+16 | C38: Субсидии бюджетам поселений на софинансирование капитальных вложений в объекты муниципальной собственности
A39: 926 | B39: 2 02 02088 10 0001 150 | C39: Субсидии бюджетам поселений на обеспечение мероприятий по капитальному ремонту многоквартирных домов за счет средств, поступивших от государственной корпорации - Фонда содействия реформированию жилищно-коммунального хозяйства
A40: 926 | B40: 2 02 02088 10 0002 150 | C40: Субсидии бюджетам поселений на обеспечение мероприятий по переселению граждан из аварийного жилищного фонда за счет средств, поступивших от государственной корпорации - Фонда содействия реформированию жилищно-коммунального хозяйства
A41: 926 | B41: 2 02 02089 10 0001 150 | C41: Субсидии бюджетам поселений на обеспечение мероприятий по капитальному ремонту многоквартирных домов за счет средств бюджетов
A42: 926 | B42: 2 02 02089 10 0002 150 | C42: Субсидии бюджетам поселений на обеспечение мероприятий по переселению граждан из аварийного жилищного фонда за счет средств бюджетов
A43: 926 | B43: 2 02 02145 10 0000 150 | C43: Субсидии бюджетам поселений на модернизацию региональных систем общего образования
A44: 926 | B44: 2 02 02150 10 0000 150 | C44: Субсидии бюджетам поселений на реализацию программы энергосбережения и повышения энергетической эффективности на период до 2020 года
A45: 926 | B45: 2 02 02999 10 0000 150 | C45: Прочие субсидии бюджетам поселений
A46: 926 | B46: 2 02 35118 10 0000 150 | C46: Субвенции бюджетам поселений на осуществление первичного воинского учета на территориях, где отсутствуют военные комиссариаты
A47: 926 | B47: 2 02 30024 10 0000 150 | C47: Субвенции бюджетам поселений на выполнение передаваемых полномочий субъектов Российской Федерации
A48: 926 | B48: 2 02 03999 10 0000 150 | C48: Прочие субвенции бюджетам поселений
A49: 926 | B49: 2 02 04012 10 0000 150 | C49: Межбюджетные трансферты, передаваемые бюджетам поселений для компенсации дополнительных расходов, возникших в результате решений, принятых органами власти другого уровня
A50: 926 | B50: 2 02 40014 10 0000 150 | C50: Межбюджетные трансферты, передаваемые бюджетам поселений из бюджетов муниципальных районов на осуществление части полномочий по решению вопросов местного значения в соответствии с заключенными соглашениями
... A57: 926 | B57: 2 19 05000 10 0000 150 | C57: Возврат остатков субсидий, субвенций и иных межбюджетных трансфертов, имеющих целевое назначение, прошлых лет из бюджетов поселений

Sheet пр3
C1: Приложение 3 к решению сессии "О бюджете Новофедоровского сельского поселения Старошайговского муниципального района РМ на 2021 год и на плановый период 2022 и 2023 годов" от 22 апреля 2021 г.№ 42
A2: ПЕРЕЧЕНЬ ГЛАВНЫХ АДМИНИСТРАТОРОВ ИСТОЧНИКОВ ФИНАНСИРОВАНИЯ ДЕФИЦИТА БЮДЖЕТА НОВОФЕДОРОВСКОГО СЕЛЬСКОГО ПОСЕЛЕНИЯ СТАРОШАЙГОВСКОГО МУНИЦИПАЛЬНОГО РАЙОНА
A3: Код бюджетной классификации Российской Федерации | C3: Наименование главного администратора источников финансирования дефицита бюджета
A4: администратора | B4: источников внутреннего финансирования дефицита районного бюджета
A8: 1 | B8: 2 | C8: 3
A10: 1 | C10: Администрация Новофедоровского сельского поселения
A11: 926 | B11: 01 02 00 00 00 0000 000 | C11: Кредиты кредитных организаций в валюте Российской Федерации
A12: 926 | B12: 01 02 00 00 00 0000 800 | C12: Получение кредитов от кредитных организаций в валюте Российской Федерации
A13: 926 | B13: 01 02 00 00 10 0000 810 | C13: Получение кредитов от кредитных организаций бюджетами сельских поселений в валюте Российской Федерации
A14: 926 | B14: 01 03 00 00 00 0000 000 | C14: Бюджетные кредиты из других бюджетов бюджетной системы Российской Федерации
A15: 926 | B15: 01 03 00 00 00 0000 700 | C15: Получение бюджетных кредитов от других Бюджетов бюджетной системы Российской Федерации в валюте Российской Федерации
A16: 926 | B16: 01 03 01 00 10 0000 710 | C16: Получение кредитов от других бюджетов бюджетной системы Российской Федерации бюджетами сельских поселений в валюте Российской Федерации
A17: 926 | B17: 01 03 00 00 00 0000 800 | C17: Погашение бюджетных кредитов, полученных от других бюджетов бюджетной системы Российской Федерации в валюте Российской Федерации
A18: 926 | B18: 01 03 01 00 10 0000 810 | C18: Погашение бюджетами сельких поселений кредитов от других бюджетов бюджетной системы Российской Федерации в валюте Российской Федерации

Sheet пр4
B1: Приложение 4 к решению сессии "О бюджете Новофедоровского сельского поселения Старошайговского муниципального района РМ на 2021 год и на плановый период 2022 и 2023 годов" от 22 апреля 2021 г.№ 42
A3: Распределение расходов бюджета Новофедоровского сельского поселения Старошайговского муниципального района на 2021 год и на плановый период 2022 и 2023 годов по разделам, подразделам, целевым статьям и видам расходов функциональной классификации расходов бюджетов Российской Федерации
K4: тыс.руб
A5: Наименование | B5: Рз | C5: ПРз | D5: ЦСР | H5: ВР | I5: 2021 | J5: 2022 | K5: 2023
A6: ВСЕГО | I6: =I7+I55+I64+I73+I88 -> 4151.9 | J6: =J7+J55+J64+J73+J88+J95 -> 3119 | K6: =K7+K55+K64+K73+K88+K95 -> 3210
A7: Общегосударственные вопросы | B7: 01 | I7: =I8+I17+I43+I48 -> 2522.2 | J7: =J8+J17+J43+J48 -> 1134.3 | K7: =K8+K17+K43+K48 -> 1319.7 | N7: =J6-пр.1!D41-пр.1!D43-пр.1!D46 -> 1616.4 | O7: =K6-пр.1!E41-пр.1!E43-пр.1!E46 -> 1661.9
A8: Функционирование высшего должностного лица субъекта Российской Федерации и муниципального образования | B8: 01 | C8: 02 | I8: =I11+I14 -> 430.3 | J8: =J11+J14 -> 331.3 | K8: =K11+K14 -> 331.3 | N8: =N7*2.5% -> 40.41 | O8: =O7*5% -> 83.095
A9: Непрограммные расходы главных распорядителей бюджетных средств Республики Мордовия | B9: 01 | C9: 02 | D9: 89 | E9: 0 | I9: =I11 -> 330.3 | J9: =J11 -> 331.3 | K9: =K11 -> 331.3
A10: Непрограммные расходы в рамках обеспечения деятельности главных распорядителей бюджетных средств Республики Мордовия | B10: 01 | C10: 02 | D10: 89 | E10: 1 | I10: =I11 -> 330.3 | J10: =J11 -> 331.3 | K10: =K11 -> 331.3
A11: Расходы на выплаты по оплате труда высшего должностного лица | B11: 01 | C11: 02 | D11: 89 | E11: 1 | F11: 00 | G11: 41150 | I11: =I12 -> 330.3 | J11: =J12 -> 331.3 | K11: =K12 -> 331.3
A12: Расходы на выплаты персоналу в целях обеспечения выполнения функций государственными (муниципальными) органами, казенными учреждениями, органами управления государственными внебюджетными фондами | B12: 01 | C12: 02 | D12: 89 | E12: 1 | F12: 00 | G12: 41150 | H12: 100 | I12: =I13 -> 330.3 | J12: =J13 -> 331.3 | K12: =K13 -> 331.3
A13: Расходы на выплаты персоналу государственных (муниципальных) органов | B13: 01 | C13: 02 | D13: 89 | E13: 1 | F13: 00 | G13: 41150 | H13: 120 | I13: 330.3 | J13: 331.3 | K13: 331.3
A14: Софинансирование расходных обязательств по финансовому обеспечению деятельности органов местного самоуправления и муниципальных учреждений | B14: 01 | C14: 02 | D14: 89 | E14: 1 | F14: 00 | G14: 44205 | I14: =I15 -> 100 | J14: =J15 -> 0 | K14: =K15 -> 0
A15: Расходы на выплаты персоналу в целях обеспечения выполнения функций государственными (муниципальными) органами, казенными учреждениями, органами управления государственными внебюджетными фондами | B15: 01 | C15: 02 | D15: 89 | E15: 1 | F15: 00 | G15: 44205 | H15: 100 | I15: =I16 -> 100 | J15: =J16 -> 0 | K15: =K16 -> 0
A16: Расходы на выплаты персоналу государственных (муниципальных) органов | B16: 01 | C16: 02 | D16: 89 | E16: 1 | F16: 00 | G16: 44205 | H16: 120 | I16: 100
A17: Функционирование Правительства Российской Федерации, высших исполнительных органов государственной власти субъектов Российской Федерации, местных администраций | B17: 01 | C17: 04 | I17: =I20+I25+I40+I32 -> 2017.1 | J17: =J20+J25+J40+J32 -> 728.2 | K17: =K20+K25+K40+K32 -> 913.6
A18: Непрограммные расходы главных распорядителей бюджетных средств Республики Мордовия | B18: 01 | C18: 04 | D18: 89 | E18: 0 | I18: =I20 -> 1117.5 | J18: =J20 -> 591 | K18: =K20 -> 770.7
A19: Непрограммные расходы в рамках обеспечения деятельности главных распорядителей бюджетных средств Республики Мордовия | B19: 01 | C19: 04 | D19: 89 | E19: 1 | I19: =I20 -> 1117.5 | J19: =J20 -> 591 | K19: =K20 -> 770.7
A20: Расходы на выплаты по оплате труда работников органов местного | B20: 01 | C20: 04 | D20: 89 | E20: 1 | F20: 00 | G20: 41110 | I20: =I21 -> 1117.5 | J20: =J21 -> 591 | K20: =K21 -> 770.7
A21: Расходы на выплаты персоналу в целях обеспечения выполнения функций государственными (муниципальными) органами, казенными учреждениями, органами управления государственными внебюджетными фондами | B21: 01 | C21: 04 | D21: 89 | E21: 1 | F21: 00 | G21: 41110 | H21: 100 | I21: =I22 -> 1117.5 | J21: =J22 -> 591 | K21: =K22 -> 770.7
A22: Расходы на выплаты персоналу государственных (муниципальных) органов | B22: 01 | C22: 04 | D22: 89 | E22: 1 | F22: 00 | G22: 41110 | H22: 120 | I22: 1117.5 | J22: =631.5-40.5 -> 591 | K22: =853.9-83.2 -> 770.7
A23: Функционирование Правительства Российской Федерации, высших исполнительных органов государственной власти субъектов Российской Федерации, местных администраций | B23: 01 | C23: 04 | D23: 89 | E23: 0 | I23: =I25 -> 702.6 | J23: =J25 -> 136.9 | K23: =K25 -> 142.6
A24: Непрограммные расходы в рамках обеспечения деятельности главных распорядителей бюджетных средств Республики Мордовия | B24: 01 | C24: 04 | D24: 89 | E24: 1 | I24: =I25 -> 702.6 | J24: =J25 -> 136.9 | K24: =K25 -> 142.6
A25: Расходы на обеспечение функций органов местного самоуправления Республики Мордовия | B25: 01 | C25: 04 | D25: 89 | E25: 1 | F25: 00 | G25: 41120 | I25: =I28+I26+I30 -> 702.6 | J25: =J28+J26+J30 -> 136.9 | K25: =K28+K26+K30 -> 142.6
A26: Расходы на выплаты персоналу в целях обеспечения выполнения функций государственными (муниципальными) органами, казенными учреждениями, органами управления государственными внебюджетными фондами | B26: 01 | C26: 04 | D26: 89 | E26: 1 | F26: 00 | G26: 41120 | H26: 100 | I26: =I27 -> 0.6 | J26: =J27 -> 0.6 | K26: =K27 -> 0.6
A27: Расходы на выплаты персоналу государственных (муниципальных) органов | B27: 01 | C27: 04 | D27: 89 | E27: 1 | F27: 00 | G27: 41120 | H27: 120 | I27: 0.6 | J27: 0.6 | K27: 0.6
A28: Закупка товаров, работ и услуг для обеспечения государственных (муниципальных) нужд | B28: 01 | C28: 04 | D28: 89 | E28: 1 | F28: 00 | G28: 41120 | H28: 200 | I28: =I29 -> 614.9 | J28: =J29 -> 110 | K28: =K29 -> 115.7
A29: Иные закупки товаров, работ и услуг для обеспечения государственных (муниципальных) нужд | B29: 01 | C29: 04 | D29: 89 | E29: 1 | F29: 00 | G29: 41120 | H29: 240 | I29: 614.9 | J29: 110 | K29: 115.7
A30: Иные бюджетные ассигнования | B30: 01 | C30: 04 | D30: 89 | E30: 1 | F30: 00 | G30: 41120 | H30: 800 | I30: =I31 -> 87.1 | J30: =J31 -> 26.3 | K30: =K31 -> 26.3
A31: Уплата налогов, сборов и иных платежей | B31: 01 | C31: 04 | D31: 89 | E31: 1 | F31: 00 | G31: 41120 | H31: 850 | I31: 87.1 | J31: 26.3 | K31: 26.3
A32: Функционирование Правительства Российской Федерации, высших исполнительных органов государственной власти субъектов Российской Федерации, местных администраций | B32: 01 | C32: 04 | I32: =I33 -> 196.7 | J32: =J33 -> 0 | K32: =K33 -> 0
A33: Непрограммные расходы главных распорядителей бюджетных средств Республики Мордовия | B33: 01 | C33: 04 | D33: 89 | E33: 0 | I33: =I34 -> 196.7 | J33: =J34 -> 0 | K33: =K34 -> 0
A34: Непрограммные расходы в рамках обеспечения деятельности главных распорядителей бюджетных средств Республики Мордовия | B34: 01 | C34: 04 | D34: 89 | E34: 1 | I34: =I35 -> 196.7 | J34: =J35 -> 0 | K34: =K35 -> 0
A35: Софинансирование расходных обязательств по финансовому обеспечению деятельности органов местного самоуправления и муниципальных учреждений | B35: 01 | C35: 04 | D35: 89 | E35: 1 | F35: 00 | G35: 44205 | I35: =I36+I38 -> 196.7 | J35: =J36+J38 -> 0
A36: Расходы на выплаты персоналу в целях обеспечения выполнения функций государственными (муниципальными) органами, казенными учреждениями, органами управления государственными внебюджетными фондами | B36: 01 | C36: 04 | D36: 89 | E36: 1 | F36: 00 | G36: 44205 | H36: 100 | I36: =I37 -> 196.7 | J36: =J37 -> 0 | K36: =K37 -> 0
A37: Расходы на выплаты персоналу государственных (муниципальных) органов | B37: 01 | C37: 04 | D37: 89 | E37: 1 | F37: 00 | G37: 44205 | H37: 120 | I37: 196.7
A38: Закупка товаров, работ и услуг для обеспечения государственных (муниципальных) нужд | B38: 01 | C38: 04 | D38: 89 | E38: 1 | F38: 00 | G38: 44205 | H38: 200 | I38: =I39 -> 0 | J38: =J39 -> 0 | K38: =K39
A39: Иные закупки товаров, работ и услуг для обеспечения государственных (муниципальных) нужд | B39: 01 | C39: 04 | D39: 89 | E39: 1 | F39: 00 | G39: 44205 | H39: 240
A40: Реализация государственных полномочий по определению перечня должностных лиц, уполномоченных составлять протоколы об административных правонарушениях | B40: 01 | C40: 04 | D40: 89 | E40: 1 | F40: 00 | G40: 77150 | I40: =I41 -> 0.3 | J40: =J41 -> 0.3 | K40: =K41 -> 0.3
A41: Закупка товаров, работ и услуг для обеспечения государственных (муниципальных) нужд | B41: 01 | C41: 04 | D41: 89 | E41: 1 | F41: 00 | G41: 77150 | H41: 200 | I41: =I42 -> 0.3 | J41: =J42 -> 0.3 | K41: =K42 -> 0.3
A42: Иные закупки товаров, работ и услуг для обеспечения государственных (муниципальных) нужд | B42: 01 | C42: 04 | D42: 89 | E42: 1 | F42: 00 | G42: 77150 | H42: 240 | I42: 0.3 | J42: 0.3 | K42: 0.3
A43: Резервные фонды | B43: 01 | C43: 11 | I43: =I44 -> 50 | J43: =J44 -> 50 | K43: =K44 -> 50
A44: Непрограммные расходы главных распорядителей бюджетных средств Республики Мордовия | B44: 01 | C44: 11 | D44: 89 | E44: 0 | I44: =I45 -> 50 | J44: =J45 -> 50 | K44: =K45 -> 50
A45: Непрограммные расходы в рамках обеспечения деятельности главных распорядителей бюджетных средств Республики Мордовия | B45: 01 | C45: 11 | D45: 89 | E45: 1 | F45: 00 | I45: =I46 -> 50 | J45: =J46 -> 50 | K45: =K46 -> 50
A46: Резервный фонд местных администраций | B46: 01 | C46: 11 | D46: 89 | E46: 1 | F46: 00 | G46: 41180 | I46: =I47 -> 50 | J46: =J47 -> 50 | K46: =K47 -> 50
A47: Резервные средства | B47: 01 | C47: 11 | D47: 89 | E47: 1 | F47: 00 | G47: 41180 | H47: 870 | I47: 50 | J47: 50 | K47: 50
A48: Другие общегосударственные вопросы | B48: 01 | C48: 13 | I48: =I49 -> 24.8 | J48: =J49 -> 24.8 | K48: =K49 -> 24.8
A49: Непрограммные расходы главных распорядителей бюджетных средств Республики Мордовия | B49: 01 | C49: 13 | D49: 89 | E49: 0 | I49: =I50 -> 24.8 | J49: =J50 -> 24.8 | K49: =K50 -> 24.8
A50: Непрограммные расходы в рамках обеспечения деятельности главных распорядителей бюджетных средств Республики Мордовия | B50: 01 | C50: 13 | D50: 89 | E50: 1 | I50: =I51 -> 24.8 | J50: =J51 -> 24.8 | K50: =K51 -> 24.8
A51: Расходы, связанные с муниципальным управлением | B51: 01 | C51: 13 | D51: 89 | E51: 1 | F51: 00 | G51: 41000 | I51: =I52 -> 24.8 | J51: =J52 -> 24.8 | K51: =K52 -> 24.8
A52: Мероприятия, связанные с муниципальным управлением | B52: 01 | C52: 13 | D52: 89 | E52: 1 | F52: 00 | G52: 41210 | I52: =I53 -> 24.8 | J52: =J53 -> 24.8 | K52: =K53 -> 24.8
A53: Закупка товаров, работ и услуг для обеспечения государственных (муниципальных) нужд | B53: 01 | C53: 13 | D53: 89 | E53: 1 | F53: 00 | G53: 41210 | H53: 200 | I53: =I54 -> 24.8 | J53: =J54 -> 24.8 | K53: =K54 -> 24.8
A54: Иные закупки товаров, работ и услуг для обеспечения государственных (муниципальных) нужд | B54: 01 | C54: 13 | D54: 89 | E54: 1 | F54: 00 | G54: 41210 | H54: 240 | I54: 24.8 | J54: 24.8 | K54: 24.8
A55: Национальная оборона | B55: 02 | I55: =I56 -> 86.8 | J55: =J56 -> 87.4 | K55: =K56 -> 90.1
A56: Мобилизационная и вневойсковая подготовка | B56: 02 | C56: 03 | I56: =I59 -> 86.8 | J56: =J59 -> 87.4 | K56: =K59 -> 90.1
A57: Непрограммные расходы главных распорядителей бюджетных средств Республики Мордовия | B57: 02 | C57: 03 | D57: 89 | E57: 0 | I57: =I58 -> 86.8 | J57: =J58 -> 87.4 | K57: =K58 -> 90.1
A58: Непрограммные расходы в рамках обеспечения деятельности главных распорядителей бюджетных средств Республики Мордовия | B58: 02 | C58: 03 | D58: 89 | E58: 1 | F58: 00 | I58: =I59 -> 86.8 | J58: =J59 -> 87.4 | K58: =K59 -> 90.1
A59: Осуществление первичного воинского учета на территориях где отсутствуют военные комиссариаты | B59: 02 | C59: 02 | D59: 89 | E59: 1 | F59: 00 | G59: 00 | I59: =I60+I62 -> 86.8 | J59: =J60+J62 -> 87.4 | K59: =K60+K62 -> 90.1
A60: Расходы на выплаты персоналу в целях обеспечения выполнения функций государственными (муниципальными) органами, казенными учреждениями, органами управления государственными внебюджетными фондами | B60: 02 | C60: 03 | D60: 89 | E60: 1 | F60: 00 | G60: 51180 | H60: 100 | I60: =I61 -> 85.8 | J60: =J61 -> 86.4 | K60: =K61 -> 89.1
A61: Расходы на выплаты персоналу государственных (муниципальных) органов | B61: 02 | C61: 03 | D61: 89 | E61: 1 | F61: 00 | G61: 51180 | H61: 120 | I61: 85.8 | J61: 86.4 | K61: 89.1
A62: Закупка товаров, работ и услуг для обеспечения государственных (муниципальных) нужд | B62: 02 | C62: 03 | D62: 89 | E62: 1 | F62: 00 | G62: 51180 | H62: 200 | I62: =I63 -> 1 | J62: =J63 -> 1 | K62: =K63 -> 1
A63: Иные закупки товаров, работ и услуг для обеспечения государственных (муниципальных) нужд | B63: 02 | C63: 03 | D63: 89 | E63: 1 | F63: 00 | G63: 51180 | H63: 240 | I63: 1 | J63: 1 | K63: 1
A64: Национальная экономика | B64: 04 | I64: =I65 -> 837.9 | J64: =J65 -> 1414.9 | K64: =K65 -> 1457.7
A65: Дорожное хозяйство (дорожные фонды) | B65: 04 | C65: 09 | I65: =I66+I71+I72 -> 837.9 | J65: =J68 -> 1414.9 | K65: =K68 -> 1457.7
A66: Непрограммные расходы главных распорядителей бюджетных средств Республики Мордовия | B66: 04 | C66: 09 | D66: 89 | E66: 0 | I66: =I70 -> 795.9 | J66: =J70 -> 1414.9 | K66: =K70 -> 1457.7
A67: Непрограммные расходы в рамках обеспечения деятельности главных распорядителей бюджетных средств Республики Мордовия | B67: 04 | C67: 09 | D67: 89 | E67: 1 | F67: 00 | I67: =I70 -> 795.9 | J67: =J70 -> 1414.9 | K67: =K70 -> 1457.7
A68: Осуществление полномочий по дорожной деятельности в отношении автомобильных дорог местного значения в границах населенных пунктов поселения и обеспечению безопасности дорожного движения на них, включая создание и обеспечение функционирования парковок (парковочных мест), осуществление муниципального контроля за сохранностью автомобильных дорог местного значения в границах населенных пунктов поселения, а также осуществление иных полномочий в области использования автомобильных дорог и осуществления дорожной деятельности в соответствии с законодательством Российской Федерации | B68: 04 | C68: 09 | D68: 89 | E68: 1 | F68: 00 | G68: 44102 | I68: =I69 -> 795.9 | J68: =J69 -> 1414.9 | K68: =K69 -> 1457.7
A69: Закупка товаров, работ и услуг для обеспечения государственных (муниципальных) нужд | B69: 04 | C69: 09 | D69: 89 | E69: 1 | F69: 00 | G69: 44102 | H69: 200 | I69: =I70 -> 795.9 | J69: =J70 -> 1414.9 | K69: =K70 -> 1457.7
A70: Иные закупки товаров, работ и услуг для обеспечения государственных (муниципальных) нужд | B70: 04 | C70: 09 | D70: 89 | E70: 1 | F70: 00 | G70: 44102 | H70: 240 | I70: =1326.5-530.6 -> 795.9 | J70: 1414.9 | K70: 1457.7
A71: Закупка товаров, работ и услуг для обеспечения государственных (муниципальных) нужд | B71: 04 | C71: 12 | D71: 89 | E71: 1 | F71: 00 | G71: 42210 | H71: 245 | I71: 40
A72: Закупка товаров, работ и услуг для обеспечения государственных (муниципальных) нужд | B72: 04 | C72: 12 | D72: 89 | E72: 1 | F72: 00 | G72: 42210 | H72: 831 | I72: 2
A73: Жилищно-коммунальное хозяйство | B73: 05 | I73: =I74+I80+I83 -> 464.5 | J73: =J74+J80+J83 -> 226.2 | K73: =K74+K80+K83 -> 160
A74: Благоустройство | B74: 05 | C74: 03 | I74: =I75 -> 161.4 | J74: =J75 -> 130 | K74: =K75 -> 130
A75: Непрограммные расходы главных распорядителей бюджетных средств Республики Мордовия | B75: 05 | C75: 03 | D75: 89 | E75: 0 | I75: =I76 -> 161.4 | J75: =J76 -> 130 | K75: =K76 -> 130
A76: Непрограммные расходы в рамках обеспечения деятельности главных распорядителей бюджетных средств Республики Мордовия | B76: 05 | C76: 03 | D76: 89 | E76: 1 | I76: =I77 -> 161.4 | J76: =J77 -> 130 | K76: =K77 -> 130
A77: Уличное освещение | B77: 05 | C77: 03 | D77: 89 | E77: 1 | F77: 00 | G77: 43010 | I77: =I78 -> 161.4 | J77: =J78 -> 130 | K77: =K78 -> 130
A78: Закупка товаров, работ и услуг для обеспечения государственных (муниципальных) нужд | B78: 05 | C78: 03 | D78: 89 | E78: 1 | F78: 00 | G78: 43010 | H78: 200 | I78: =I79 -> 161.4 | J78: =J79 -> 130 | K78: =K79 -> 130
A79: Иные закупки товаров, работ и услуг для обеспечения государственных (муниципальных) нужд | B79: 05 | C79: 03 | D79: 89 | E79: 1 | F79: 00 | G79: 43010 | H79: 240 | I79: 161.4 | J79: 130 | K79: 130
A80: Организация и содержание мест захоронения | B80: 05 | C80: 03 | D80: 89 | E80: 1 | F80: 00 | G80: 43030 | I80: =I82 -> 5 | J80: =J82 -> 0 | K80: =K82 -> 0
A81: Закупка товаров, работ и услуг для обеспечения государственных (муниципальных) нужд | B81: 05 | C81: 03 | D81: 89 | E81: 1 | F81: 00 | G81: 43030 | H81: 200 | I81: =I82 -> 5 | J81: =J82 -> 0 | K81: =K82 -> 0
A82: Иные закупки товаров, работ и услуг для обеспечения государственных (муниципальных) нужд | B82: 05 | C82: 03 | D82: 89 | E82: 1 | F82: 00 | G82: 43030 | H82: 240 | I82: 5
A83: Прочие меропиятия по благоустройству поселений | B83: 05 | C83: 03 | D83: 89 | I83: =I86 -> 298.1 | J83: =J86 -> 96.2 | K83: =K86 -> 30
A84: Непрограммные расходы главных распорядителей бюджетных средств Республики Мордовия | B84: 05 | C84: 03 | D84: 89 | E84: 0 | I84: =I87 -> 298.1 | J84: =J87 -> 96.2 | K84: =K87 -> 30
A85: Непрограммные расходы в рамках обеспечения деятельности главных распорядителей бюджетных средств Республики Мордовия | B85: 05 | C85: 03 | D85: 89 | E85: 1 | I85: =I87 -> 298.1 | J85: =J87 -> 96.2 | K85: =K87 -> 30
A86: Закупка товаров, работ и услуг для обеспечения государственных (муниципальных) нужд | B86: 05 | C86: 03 | D86: 89 | E86: 1 | F86: 00 | G86: 43040 | H86: 200 | I86: =I87 -> 298.1 | J86: =J87 -> 96.2 | K86: =K87 -> 30
A87: Иные закупки товаров, работ и услуг для обеспечения государственных (муниципальных) нужд | B87: 05 | C87: 03 | D87: 89 | E87: 1 | F87: 00 | G87: 43040 | H87: 240 | I87: 298.1 | J87: 96.2 | K87: 30
A88: Социальная политика | B88: 10 | I88: =I89 -> 240.5 | J88: =J89 -> 215.7 | K88: =K89 -> 99.3
A89: Пенсионное обеспечение | B89: 10 | C89: 01 | I89: =I90 -> 240.5 | J89: =J90 -> 215.7 | K89: =K90 -> 99.3
A90: Непрограммные расходы главных распорядителей бюджетных средств Республики Мордовия | B90: 10 | C90: 01 | D90: 89 | E90: 0 | I90: =I91 -> 240.5 | J90: =J91 -> 215.7 | K90: =K91 -> 99.3
A91: Непрограммные расходы в рамках обеспечения деятельности главных распорядителей бюджетных средств Республики Мордовия | B91: 10 | C91: 01 | D91: 89 | E91: 1 | I91: =I92 -> 240.5 | J91: =J92 -> 215.7 | K91: =K92 -> 99.3
A92: Доплаты к пенсиям муниципальных служащих Республики Мордовия | B92: 10 | C92: 01 | D92: 89 | E92: 1 | F92: 00 | G92: 03010 | I92: =I94 -> 240.5 | J92: =J94 -> 215.7 | K92: =K94 -> 99.3
A93: Социальное обеспечение и иные выплаты населению | B93: 10 | C93: 01 | D93: 89 | E93: 1 | F93: 00 | G93: 03010 | H93: 300 | I93: =I94 -> 240.5 | J93: =J94 -> 215.7 | K93: =K94 -> 99.3
A94: Публичные нормативные социальные выплаты гражданам | B94: 10 | C94: 01 | D94: 89 | E94: 1 | F94: 00 | G94: 03010 | H94: 310 | I94: 240.5 | J94: 215.7 | K94: 99.3
A95: Условно утвержденные расходы | B95: 99 | I95: =I101 -> 0 | J95: =J101 -> 40.5 | K95: =K101 -> 83.2
A96: Условно утвержденные расходы | B96: 99 | C96: 99 | I96: =I101 -> 0 | J96: =J101 -> 40.5 | K96: =K101 -> 83.2
A97: Непрограммные расходы главных распорядителей бюджетных средств Республики Мордовия | B97: 99 | C97: 99 | D97: 89 | E97: 0 | I97: =I101 -> 0 | J97: =J101 -> 40.5 | K97: =K101 -> 83.2
A98: Непрограммные расходы в рамках обеспечения деятельности главных распорядителей бюджетных средств Республики Мордовия | B98: 99 | C98: 99 | D98: 89 | E98: 1 | I98: =I101 -> 0 | J98: =J101 -> 40.5 | K98: =K101 -> 83.2
A99: Условно утвержденные расходы | B99: 99 | C99: 99 | D99: 89 | E99: 1 | F99: 00 | G99: 41990 | I99: =I101 -> 0 | J99: =J101 -> 40.5 | K99: =K101 -> 83.2
A100: Иные бюджетные ассигнования | B100: 99 | C100: 99 | D100: 89 | E100: 1 | F100: 00 | G100: 41990 | H100: 800 | I100: =I101 -> 0 | J100: =J101 -> 40.5 | K100: =K101 -> 83.2
A101: Резервные средства | B101: 99 | C101: 99 | D101: 89 | E101: 1 | F101: 00 | G101: 41990 | H101: 870 | J101: 40.5 | K101: 83.2
...

Sheet пр5
C1: Приложение 5 к решению сессии "О бюджете Новофедоровского сельского поселения Старошайговского муниципального района РМ на 2021 год и на плановый период 2022 и 2023 годов" от 22 апреля 2021 г.№ 42
A3: Ведомственная структура расходов бюджета Новофедоровского сельского поселения Старошайговского муниципального района на 2021 год и на плановый период 2022 и 2023 годов
L4: тыс.руб
A5: Наименование | B5: АДМ | C5: Рз | D5: ПРз | E5: ЦСР | I5: ВР | J5: 2021 | K5: 2022 | L5: 2023
A6: ВСЕГО | J6: =J7+J55+J64+J73+J88 -> 4151.9 | K6: =K7+K55+K64+K73+K88+K95 -> 3119 | L6: =L7+L55+L64+L73+L88+L95 -> 3210
A7: Общегосударственные вопросы | B7: 926 | C7: 01 | J7: =J8+J17+J43+J48 -> 2522.2 | K7: =K8+K17+K43+K48 -> 1134.3 | L7: =L8+L17+L43+L48 -> 1319.7 | O7: =K6-пр.1!D41-пр.1!D43-пр.1!D46 -> 1616.4 | P7: =L6-пр.1!E41-пр.1!E43-пр.1!E46 -> 1661.9
A8: Функционирование высшего должностного лица субъекта Российской Федерации и муниципального образования | B8: 926 | C8: 01 | D8: 02 | J8: =J11+J14 -> 430.3 | K8: =K11+K14 -> 331.3 | L8: =L11+L14 -> 331.3 | O8: =O7*2.5% -> 40.41 | P8: =P7*5% -> 83.095
A9: Непрограммные расходы главных распорядителей бюджетных средств Республики Мордовия | B9: 926 | C9: 01 | D9: 02 | E9: 89 | F9: 0 | J9: =J11 -> 330.3 | K9: =K11 -> 331.3 | L9: =L11 -> 331.3
A10: Непрограммные расходы в рамках обеспечения деятельности главных распорядителей бюджетных средств Республики Мордовия | B10: 926 | C10: 01 | D10: 02 | E10: 89 | F10: 1 | J10: =J11 -> 330.3 | K10: =K11 -> 331.3 | L10: =L11 -> 331.3
A11: Расходы на выплаты по оплате труда высшего должностного лица | B11: 926 | C11: 01 | D11: 02 | E11: 89 | F11: 1 | G11: 00 | H11: 41150 | J11: =J12 -> 330.3 | K11: =K12 -> 331.3 | L11: =L12 -> 331.3
A12: Расходы на выплаты персоналу в целях обеспечения выполнения функций государственными (муниципальными) органами, казенными учреждениями, органами управления государственными внебюджетными фондами | B12: 926 | C12: 01 | D12: 02 | E12: 89 | F12: 1 | G12: 00 | H12: 41150 | I12: 100 | J12: =J13 -> 330.3 | K12: =K13 -> 331.3 | L12: =L13 -> 331.3
A13: Расходы на выплаты персоналу государственных (муниципальных) органов | B13: 926 | C13: 01 | D13: 02 | E13: 89 | F13: 1 | G13: 00 | H13: 41150 | I13: 120 | J13: 330.3 | K13: 331.3 | L13: 331.3
A14: Софинансирование расходных обязательств по финансовому обеспечению деятельности органов местного самоуправления и муниципальных учреждений | B14: 926 | C14: 01 | D14: 02 | E14: 89 | F14: 1 | G14: 00 | H14: 44205 | J14: =J15 -> 100 | K14: =K15 -> 0 | L14: =L15 -> 0
A15: Расходы на выплаты персоналу в целях обеспечения выполнения функций государственными (муниципальными) органами, казенными учреждениями, органами управления государственными внебюджетными фондами | B15: 926 | C15: 01 | D15: 02 | E15: 89 | F15: 1 | G15: 00 | H15: 44205 | I15: 100 | J15: =J16 -> 100 | K15: =K16 -> 0 | L15: =L16 -> 0
A16: Расходы на выплаты персоналу государственных (муниципальных) органов | B16: 926 | C16: 01 | D16: 02 | E16: 89 | F16: 1 | G16: 00 | H16: 44205 | I16: 120 | J16: 100
A17: Функционирование Правительства Российской Федерации, высших исполнительных органов государственной власти субъектов Российской Федерации, местных администраций | B17: 926 | C17: 01 | D17: 04 | J17: =J20+J25+J40+J32 -> 2017.1 | K17: =K20+K25+K40+K32 -> 728.2 | L17: =L20+L25+L40+L32 -> 913.6
A18: Непрограммные расходы главных распорядителей бюджетных средств Республики Мордовия | B18: 926 | C18: 01 | D18: 04 | E18: 89 | F18: 0 | J18: =J20 -> 1117.5 | K18: =K20 -> 591 | L18: =L20 -> 770.7
A19: Непрограммные расходы в рамках обеспечения деятельности главных распорядителей бюджетных средств Республики Мордовия | B19: 926 | C19: 01 | D19: 04 | E19: 89 | F19: 1 | J19: =J20 -> 1117.5 | K19: =K20 -> 591 | L19: =L20 -> 770.7
A20: Расходы на выплаты по оплате труда работников органов местного | B20: 926 | C20: 01 | D20: 04 | E20: 89 | F20: 1 | G20: 00 | H20: 41110 | J20: =J21 -> 1117.5 | K20: =K21 -> 591 | L20: =L21 -> 770.7
A21: Расходы на выплаты персоналу в целях обеспечения выполнения функций государственными (муниципальными) органами, казенными учреждениями, органами управления государственными внебюджетными фондами | B21: 926 | C21: 01 | D21: 04 | E21: 89 | F21: 1 | G21: 00 | H21: 41110 | I21: 100 | J21: =J22 -> 1117.5 | K21: =K22 -> 591 | L21: =L22 -> 770.7
A22: Расходы на выплаты персоналу государственных (муниципальных) органов | B22: 926 | C22: 01 | D22: 04 | E22: 89 | F22: 1 | G22: 00 | H22: 41110 | I22: 120 | J22: 1117.5 | K22: =631.5-40.5 -> 591 | L22: =853.9-83.2 -> 770.7
A23: Непрограммные расходы главных распорядителей бюджетных средств Республики Мордовия | B23: 926 | C23: 01 | D23: 04 | E23: 89 | F23: 0 | J23: =J25 -> 702.6 | K23: =K25 -> 136.9 | L23: =L25 -> 142.6
A24: Непрограммные расходы в рамках обеспечения деятельности главных распорядителей бюджетных средств Республики Мордовия | B24: 926 | C24: 01 | D24: 04 | E24: 89 | F24: 1 | J24: =J25 -> 702.6 | K24: =K25 -> 136.9 | L24: =L25 -> 142.6
A25: Расходы на обеспечение функций органов местного самоуправления Республики Мордовия | B25: 926 | C25: 01 | D25: 04 | E25: 89 | F25: 1 | G25: 00 | H25: 41120 | J25: =J28+J26+J30 -> 702.6 | K25: =K28+K26+K30 -> 136.9 | L25: =L28+L26+L30 -> 142.6
A26: Расходы на выплаты персоналу в целях обеспечения выполнения функций государственными (муниципальными) органами, казенными учреждениями, органами управления государственными внебюджетными фондами | B26: 926 | C26: 01 | D26: 04 | E26: 89 | F26: 1 | G26: 00 | H26: 41120 | I26: 100 | J26: =J27 -> 0.6 | K26: =K27 -> 0.6 | L26: =L27 -> 0.6
A27: Расходы на выплаты персоналу государственных (муниципальных) органов | B27: 926 | C27: 01 | D27: 04 | E27: 89 | F27: 1 | G27: 00 | H27: 41120 | I27: 120 | J27: 0.6 | K27: 0.6 | L27: 0.6
A28: Закупка товаров, работ и услуг для обеспечения государственных (муниципальных) нужд | B28: 926 | C28: 01 | D28: 04 | E28: 89 | F28: 1 | G28: 00 | H28: 41120 | I28: 200 | J28: =J29 -> 614.9 | K28: =K29 -> 110 | L28: =L29 -> 115.7
A29: Иные закупки товаров, работ и услуг для обеспечения государственных (муниципальных) нужд | B29: 926 | C29: 01 | D29: 04 | E29: 89 | F29: 1 | G29: 00 | H29: 41120 | I29: 240 | J29: 614.9 | K29: 110 | L29: 115.7
A30: Иные бюджетные ассигнования | B30: 926 | C30: 01 | D30: 04 | E30: 89 | F30: 1 | G30: 00 | H30: 41120 | I30: 800 | J30: =J31 -> 87.1 | K30: =K31 -> 26.3 | L30: =L31 -> 26.3
A31: Уплата налогов, сборов и иных платежей | B31: 926 | C31: 01 | D31: 04 | E31: 89 | F31: 1 | G31: 00 | H31: 41120 | I31: 850 | J31: 87.1 | K31: 26.3 | L31: 26.3
A32: Функционирование Правительства Российской Федерации, высших исполнительных органов государственной власти субъектов Российской Федерации, местных администраций | B32: 926 | C32: 01 | D32: 04 | J32: =J33 -> 196.7 | K32: =K33 -> 0 | L32: =L33 -> 0
A33: Непрограммные расходы главных распорядителей бюджетных средств Республики Мордовия | B33: 926 | C33: 01 | D33: 04 | E33: 89 | F33: 0 | J33: =J34 -> 196.7 | K33: =K34 -> 0 | L33: =L34 -> 0
A34: Непрограммные расходы в рамках обеспечения деятельности главных распорядителей бюджетных средств Республики Мордовия | B34: 926 | C34: 01 | D34: 04 | E34: 89 | F34: 1 | J34: =J35 -> 196.7 | K34: =K35 -> 0 | L34: =L35 -> 0
A35: Софинансирование расходных обязательств по финансовому обеспечению деятельности органов местного самоуправления и муниципальных учреждений | B35: 926 | C35: 01 | D35: 04 | E35: 89 | F35: 1 | G35: 00 | H35: 44205 | J35: =J36+J38 -> 196.7 | K35: =K36+K38 -> 0
A36: Расходы на выплаты персоналу в целях обеспечения выполнения функций государственными (муниципальными) органами, казенными учреждениями, органами управления государственными внебюджетными фондами | B36: 926 | C36: 01 | D36: 04 | E36: 89 | F36: 1 | G36: 00 | H36: 44205 | I36: 100 | J36: =J37 -> 196.7 | K36: =K37 -> 0 | L36: =L37 -> 0
A37: Расходы на выплаты персоналу государственных (муниципальных) органов | B37: 926 | C37: 01 | D37: 04 | E37: 89 | F37: 1 | G37: 00 | H37: 44205 | I37: 120 | J37: 196.7
A38: Закупка товаров, работ и услуг для обеспечения государственных (муниципальных) нужд | B38: 926 | C38: 01 | D38: 04 | E38: 89 | F38: 1 | G38: 00 | H38: 44205 | I38: 200 | J38: =J39 -> 0 | K38: =K39 -> 0 | L38: =L39
A39: Иные закупки товаров, работ и услуг для обеспечения государственных (муниципальных) нужд | B39: 926 | C39: 01 | D39: 04 | E39: 89 | F39: 1 | G39: 00 | H39: 44205 | I39: 240
A40: Реализация государственных полномочий по определению перечня должностных лиц, уполномоченных составлять протоколы об административных правонарушениях | B40: 926 | C40: 01 | D40: 04 | E40: 89 | F40: 1 | G40: 00 | H40: 77150 | J40: =J41 -> 0.3 | K40: =K41 -> 0.3 | L40: =L41 -> 0.3
A41: Закупка товаров, работ и услуг для обеспечения государственных (муниципальных) нужд | B41: 926 | C41: 01 | D41: 04 | E41: 89 | F41: 1 | G41: 00 | H41: 77150 | I41: 200 | J41: =J42 -> 0.3 | K41: =K42 -> 0.3 | L41: =L42 -> 0.3
A42: Иные закупки товаров, работ и услуг для обеспечения государственных (муниципальных) нужд | B42: 926 | C42: 01 | D42: 04 | E42: 89 | F42: 1 | G42: 00 | H42: 77150 | I42: 240 | J42: 0.3 | K42: 0.3 | L42: 0.3
A43: Резервные фонды | B43: 926 | C43: 01 | D43: 11 | J43: =J44 -> 50 | K43: =K44 -> 50 | L43: =L44 -> 50
A44: Непрограммные расходы главных распорядителей бюджетных средств Республики Мордовия | B44: 926 | C44: 01 | D44: 11 | E44: 89 | F44: 0 | J44: =J45 -> 50 | K44: =K45 -> 50 | L44: =L45 -> 50
A45: Непрограммные расходы в рамках обеспечения деятельности главных распорядителей бюджетных средств Республики Мордовия | B45: 926 | C45: 01 | D45: 11 | E45: 89 | F45: 1 | G45: 00 | J45: =J46 -> 50 | K45: =K46 -> 50 | L45: =L46 -> 50
A46: Резервный фонд местных администраций | B46: 926 | C46: 01 | D46: 11 | E46: 89 | F46: 1 | G46: 00 | H46: 41180 | J46: =J47 -> 50 | K46: =K47 -> 50 | L46: =L47 -> 50
A47: Резервные средства | B47: 926 | C47: 01 | D47: 11 | E47: 89 | F47: 1 | G47: 00 | H47: 41180 | I47: 870 | J47: 50 | K47: 50 | L47: 50
A48: Другие общегосударственные вопросы | B48: 926 | C48: 01 | D48: 13 | J48: =J49 -> 24.8 | K48: =K49 -> 24.8 | L48: =L49 -> 24.8
A49: Непрограммные расходы главных распорядителей бюджетных средств Республики Мордовия | B49: 926 | C49: 01 | D49: 13 | E49: 89 | F49: 0 | J49: =J50 -> 24.8 | K49: =K50 -> 24.8 | L49: =L50 -> 24.8
A50: Непрограммные расходы в рамках обеспечения деятельности главных распорядителей бюджетных средств Республики Мордовия | B50: 926 | C50: 01 | D50: 13 | E50: 89 | F50: 1 | J50: =J51 -> 24.8 | K50: =K51 -> 24.8 | L50: =L51 -> 24.8
A51: Расходы, связанные с муниципальным управлением | B51: 926 | C51: 01 | D51: 13 | E51: 89 | F51: 1 | G51: 00 | H51: 41000 | J51: =J52 -> 24.8 | K51: =K52 -> 24.8 | L51: =L52 -> 24.8
A52: Мероприятия, связанные с муниципальным управлением | B52: 926 | C52: 01 | D52: 13 | E52: 89 | F52: 1 | G52: 00 | H52: 41210 | J52: =J53 -> 24.8 | K52: =K53 -> 24.8 | L52: =L53 -> 24.8
A53: Закупка товаров, работ и услуг для обеспечения государственных (муниципальных) нужд | B53: 926 | C53: 01 | D53: 13 | E53: 89 | F53: 1 | G53: 00 | H53: 41210 | I53: 200 | J53: =J54 -> 24.8 | K53: =K54 -> 24.8 | L53: =L54 -> 24.8
A54: Иные закупки товаров, работ и услуг для обеспечения государственных (муниципальных) нужд | B54: 926 | C54: 01 | D54: 13 | E54: 89 | F54: 1 | G54: 00 | H54: 41210 | I54: 240 | J54: 24.8 | K54: 24.8 | L54: 24.8
A55: Национальная оборона | B55: 926 | C55: 02 | J55: =J56 -> 86.8 | K55: =K56 -> 87.4 | L55: =L56 -> 90.1
A56: Мобилизационная и вневойсковая подготовка | B56: 926 | C56: 02 | D56: 03 | J56: =J59 -> 86.8 | K56: =K59 -> 87.4 | L56: =L59 -> 90.1
A57: Непрограммные расходы главных распорядителей бюджетных средств Республики Мордовия | B57: 926 | C57: 02 | D57: 03 | E57: 89 | F57: 0 | J57: =J58 -> 86.8 | K57: =K58 -> 87.4 | L57: =L58 -> 90.1
A58: Непрограммные расходы в рамках обеспечения деятельности главных распорядителей бюджетных средств Республики Мордовия | B58: 926 | C58: 02 | D58: 03 | E58: 89 | F58: 1 | G58: 00 | J58: =J59 -> 86.8 | K58: =K59 -> 87.4 | L58: =L59 -> 90.1
A59: Осуществление первичного воинского учета на территориях где отсутствуют военные комиссариаты | B59: 926 | C59: 02 | D59: 02 | E59: 89 | F59: 1 | G59: 00 | H59: 00 | J59: =J60+J62 -> 86.8 | K59: =K60+K62 -> 87.4 | L59: =L60+L62 -> 90.1
A60: Расходы на выплаты персоналу в целях обеспечения выполнения функций государственными (муниципальными) органами, казенными учреждениями, органами управления государственными внебюджетными фондами | B60: 926 | C60: 02 | D60: 03 | E60: 89 | F60: 1 | G60: 00 | H60: 51180 | I60: 100 | J60: =J61 -> 85.8 | K60: =K61 -> 86.4 | L60: =L61 -> 89.1
A61: Расходы на выплаты персоналу государственных (муниципальных) органов | B61: 926 | C61: 02 | D61: 03 | E61: 89 | F61: 1 | G61: 00 | H61: 51180 | I61: 120 | J61: 85.8 | K61: 86.4 | L61: 89.1
A62: Закупка товаров, работ и услуг для обеспечения государственных (муниципальных) нужд | B62: 926 | C62: 02 | D62: 03 | E62: 89 | F62: 1 | G62: 00 | H62: 51180 | I62: 200 | J62: =J63 -> 1 | K62: =K63 -> 1 | L62: =L63 -> 1
A63: Иные закупки товаров, работ и услуг для обеспечения государственных (муниципальных) нужд | B63: 926 | C63: 02 | D63: 03 | E63: 89 | F63: 1 | G63: 00 | H63: 51180 | I63: 240 | J63: 1 | K63: 1 | L63: 1
A64: Национальная экономика | B64: 926 | C64: 04 | J64: =J65+J71+J72 -> 837.9 | K64: =K65 -> 1414.9 | L64: =L65 -> 1457.7
A65: Дорожное хозяйство (дорожные фонды) | B65: 926 | C65: 04 | D65: 09 | J65: =J68 -> 795.9 | K65: =K68 -> 1414.9 | L65: =L68 -> 1457.7
A66: Непрограммные расходы главных распорядителей бюджетных средств Республики Мордовия | B66: 926 | C66: 04 | D66: 09 | E66: 89 | F66: 0 | J66: =J70 -> 795.9 | K66: =K70 -> 1414.9 | L66: =L70 -> 1457.7
A67: Непрограммные расходы в рамках обеспечения деятельности главных распорядителей бюджетных средств Республики Мордовия | B67: 926 | C67: 04 | D67: 09 | E67: 89 | F67: 1 | G67: 00 | J67: =J70 -> 795.9 | K67: =K70 -> 1414.9 | L67: =L70 -> 1457.7
A68: Осуществление полномочий по дорожной деятельности в отношении автомобильных дорог местного значения в границах населенных пунктов поселения и обеспечению безопасности дорожного движения на них, включая создание и обеспечение функционирования парковок (парковочных мест), осуществление муниципального контроля за сохранностью автомобильных дорог местного значения в границах населенных пунктов поселения, а также осуществление иных полномочий в области использования автомобильных дорог и осуществления дорожной деятельности в соответствии с законодательством Российской Федерации | B68: 926 | C68: 04 | D68: 09 | E68: 89 | F68: 1 | G68: 00 | H68: 44102 | J68: =J69 -> 795.9 | K68: =K69 -> 1414.9 | L68: =L69 -> 1457.7
A69: Закупка товаров, работ и услуг для обеспечения государственных (муниципальных) нужд | B69: 926 | C69: 04 | D69: 09 | E69: 89 | F69: 1 | G69: 00 | H69: 44102 | I69: 200 | J69: =J70 -> 795.9 | K69: =K70 -> 1414.9 | L69: =L70 -> 1457.7
A70: Иные закупки товаров, работ и услуг для обеспечения государственных (муниципальных) нужд | B70: 926 | C70: 04 | D70: 09 | E70: 89 | F70: 1 | G70: 00 | H70: 44102 | I70: 240 | J70: =1326.5-530.6 -> 795.9 | K70: 1414.9 | L70: 1457.7
A71: Закупка товаров, работ и услуг для обеспечения государственных (муниципальных) нужд | B71: 926 | C71: 04 | D71: 12 | E71: 89 | F71: 1 | G71: 00 | H71: 42210 | I71: 245 | J71: 40
A72: Закупка товаров, работ и услуг для обеспечения государственных (муниципальных) нужд | B72: 926 | C72: 04 | D72: 12 | E72: 89 | F72: 1 | G72: 00 | H72: 42210 | I72: 831 | J72: 2
A73: Жилищно-коммунальное хозяйство | B73: 926 | C73: 05 | J73: =J74+J80+J83 -> 464.5 | K73: =K74+K80+K83 -> 226.2 | L73: =L74+L80+L83 -> 160
A74: Благоустройство | B74: 926 | C74: 05 | D74: 03 | J74: =J75 -> 161.4 | K74: =K75 -> 130 | L74: =L75 -> 130
A75: Непрограммные расходы главных распорядителей бюджетных средств Республики Мордовия | B75: 926 | C75: 05 | D75: 03 | E75: 89 | F75: 0 | J75: =J76 -> 161.4 | K75: =K76 -> 130 | L75: =L76 -> 130
A76: Непрограммные расходы в рамках обеспечения деятельности главных распорядителей бюджетных средств Республики Мордовия | B76: 926 | C76: 05 | D76: 03 | E76: 89 | F76: 1 | J76: =J77 -> 161.4 | K76: =K77 -> 130 | L76: =L77 -> 130
A77: Уличное освещение | B77: 926 | C77: 05 | D77: 03 | E77: 89 | F77: 1 | G77: 00 | H77: 43010 | J77: =J78 -> 161.4 | K77: =K78 -> 130 | L77: =L78 -> 130
A78: Закупка товаров, работ и услуг для обеспечения государственных (муниципальных) нужд | B78: 926 | C78: 05 | D78: 03 | E78: 89 | F78: 1 | G78: 00 | H78: 43010 | I78: 200 | J78: =J79 -> 161.4 | K78: =K79 -> 130 | L78: =L79 -> 130
A79: Иные закупки товаров, работ и услуг для обеспечения государственных (муниципальных) нужд | B79: 926 | C79: 05 | D79: 03 | E79: 89 | F79: 1 | G79: 00 | H79: 43010 | I79: 240 | J79: 161.4 | K79: 130 | L79: 130
A80: Организация и содержание мест захоронения | B80: 926 | C80: 05 | D80: 03 | E80: 89 | F80: 1 | G80: 00 | H80: 43030 | J80: =J82 -> 5 | K80: =K82 -> 0 | L80: =L82 -> 0
A81: Закупка товаров, работ и услуг для обеспечения государственных (муниципальных) нужд | B81: 926 | C81: 05 | D81: 03 | E81: 89 | F81: 1 | G81: 00 | H81: 43030 | I81: 200 | J81: =J82 -> 5 | K81: =K82 -> 0 | L81: =L82 -> 0
A82: Иные закупки товаров, работ и услуг для обеспечения государственных (муниципальных) нужд | B82: 926 | C82: 05 | D82: 03 | E82: 89 | F82: 1 | G82: 00 | H82: 43030 | I82: 240 | J82: 5
A83: Прочие меропиятия по благоустройству поселений | B83: 926 | C83: 05 | D83: 03 | E83: 89 | J83: =J86 -> 298.1 | K83: =K86 -> 96.2 | L83: =L86 -> 30
A84: Непрограммные расходы главных распорядителей бюджетных средств Республики Мордовия | B84: 926 | C84: 05 | D84: 03 | E84: 89 | F84: 0 | J84: =J87 -> 298.1 | K84: =K87 -> 96.2 | L84: =L87 -> 30
A85: Непрограммные расходы в рамках обеспечения деятельности главных распорядителей бюджетных средств Республики Мордовия | B85: 926 | C85: 05 | D85: 03 | E85: 89 | F85: 1 | J85: =J87 -> 298.1 | K85: =K87 -> 96.2 | L85: =L87 -> 30
A86: Закупка товаров, работ и услуг для обеспечения государственных (муниципальных) нужд | B86: 926 | C86: 05 | D86: 03 | E86: 89 | F86: 1 | G86: 00 | H86: 43040 | I86: 200 | J86: =J87 -> 298.1 | K86: =K87 -> 96.2 | L86: =L87 -> 30
A87: Иные закупки товаров, работ и услуг для обеспечения государственных (муниципальных) нужд | B87: 926 | C87: 05 | D87: 03 | E87: 89 | F87: 1 | G87: 00 | H87: 43040 | I87: 240 | J87: 298.1 | K87: 96.2 | L87: 30
A88: Социальная политика | B88: 926 | C88: 10 | J88: =J89 -> 240.5 | K88: =K89 -> 215.7 | L88: =L89 -> 99.3
A89: Пенсионное обеспечение | B89: 926 | C89: 10 | D89: 01 | J89: =J90 -> 240.5 | K89: =K90 -> 215.7 | L89: =L90 -> 99.3
A90: Непрограммные расходы главных распорядителей бюджетных средств Республики Мордовия | B90: 926 | C90: 10 | D90: 01 | E90: 89 | F90: 0 | J90: =J91 -> 240.5 | K90: =K91 -> 215.7 | L90: =L91 -> 99.3
A91: Непрограммные расходы в рамках обеспечения деятельности главных распорядителей бюджетных средств Республики Мордовия | B91: 926 | C91: 10 | D91: 01 | E91: 89 | F91: 1 | J91: =J92 -> 240.5 | K91: =K92 -> 215.7 | L91: =L92 -> 99.3
A92: Доплаты к пенсиям муниципальных служащих Республики Мордовия | B92: 926 | C92: 10 | D92: 01 | E92: 89 | F92: 1 | G92: 00 | H92: 03010 | J92: =J94 -> 240.5 | K92: =K94 -> 215.7 | L92: =L94 -> 99.3
A93: Социальное обеспечение и иные выплаты населению | B93: 926 | C93: 10 | D93: 01 | E93: 89 | F93: 1 | G93: 00 | H93: 03010 | I93: 300 | J93: =J94 -> 240.5 | K93: =K94 -> 215.7 | L93: =L94 -> 99.3
A94: Публичные нормативные социальные выплаты гражданам | B94: 926 | C94: 10 | D94: 01 | E94: 89 | F94: 1 | G94: 00 | H94: 03010 | I94: 310 | J94: 240.5 | K94: 215.7 | L94: 99.3
A95: Условно утвержденные расходы | B95: 926 | C95: 99 | J95: =J101 -> 0 | K95: =K101 -> 40.5 | L95: =L101 -> 83.2
A96: Условно утвержденные расходы | B96: 926 | C96: 99 | D96: 99 | J96: =J101 -> 0 | K96: =K101 -> 40.5 | L96: =L101 -> 83.2
A97: Непрограммные расходы главных распорядителей бюджетных средств Республики Мордовия | B97: 926 | C97: 99 | D97: 99 | E97: 89 | F97: 0 | J97: =J101 -> 0 | K97: =K101 -> 40.5 | L97: =L101 -> 83.2
A98: Непрограммные расходы в рамках обеспечения деятельности главных распорядителей бюджетных средств Республики Мордовия | B98: 926 | C98: 99 | D98: 99 | E98: 89 | F98: 1 | J98: =J101 -> 0 | K98: =K101 -> 40.5 | L98: =L101 -> 83.2
A99: Условно утвержденные расходы | B99: 926 | C99: 99 | D99: 99 | E99: 89 | F99: 1 | G99: 00 | H99: 41990 | J99: =J101 -> 0 | K99: =K101 -> 40.5 | L99: =L101 -> 83.2
A100: Иные бюджетные ассигнования | B100: 926 | C100: 99 | D100: 99 | E100: 89 | F100: 1 | G100: 00 | H100: 41990 | I100: 800 | J100: =J101 -> 0 | K100: =K101 -> 40.5 | L100: =L101 -> 83.2
A101: Резервные средства | B101: 926 | C101: 99 | D101: 99 | E101: 89 | F101: 1 | G101: 00 | H101: 41990 | I101: 870 | K101: 40.5 | L101: 83.2
...

Sheet 6
B1: Приложение 6 к решению сессии "О бюджете Новофедоровского сельского поселения Старошайговского муниципального района РМ на 2021 год и на плановый период 2022 и 2023 годов" от 22 апреля 2021 г.№ 42
A2: ИСТОЧНИКИ ВНУТРЕННЕГО ФИНАНСИРОВАНИЯ ДЕФИЦИТА БЮДЖЕТА НОВОФЕДОРОВСКОГО СЕЛЬСКОГО ПОСЕЛЕНИЯ НА 2021 ГОД И НА ПЛАНОВЫЙ ПЕРИОД 2022 и 2023 ГОДОВ
A6: (тыс. рублей)
A7: Код | B7: НАИМЕНОВАНИЕ | C7: 2021 | D7: 2022 | E7: 203
A10: 1 | B10: 2
A11: 90000000000000000 | B11: ИТОГО | C11: =C12 -> 74.8 | D11: =D12 -> 77 | E11: =E12 -> 79.1
A12: 01000000000000000 | B12: ИСТОЧНИКИ ВНУТРЕННЕГО ФИНАНСИРОВАНИЯ ДЕФИЦИТОВ БЮДЖЕТОВ | C12: =C15 -> 74.8 | D12: =D15 -> 77 | E12: =E15 -> 79.1
A13: 01020000000000000 | B13: Кредиты кредитных организаций в валюте Российской Федерации | C13: =C14 -> 74.8 | D13: =D14 -> 77 | E13: =E14 -> 79.1
A14: 01020000000000700 | B14: Получение кредитов от кредитных организаций в валюте Российской Федерации | C14: =C15 -> 74.8 | D14: =D15 -> 77 | E14: =E15 -> 79.1
A15: 01020000100000710 | B15: Получение кредитов от кредитных организаций бюджетами сельских поселений в валюте Российской Федерации | C15: 74.8 | D15: 77 | E15: 79.1
A16: 01000000000000000 | B16: Изменение остатков средств
A17: 01050000000000000 | B17: Изменение остатков средств на счетах по учету средств бюджетов
A18: 01050000000000500 | B18: Увеличение остатков средств бюджетов | C18: =C21 -> -4077.1 | D18: =D21 -> -3119 | E18: =E21 -> -3210
A19: 01050200000000500 | B19: Увеличение прочих остатков средств бюджетов | C19: =C21 -> -4077.1 | D19: =D21 -> -3119 | E19: =E21 -> -3210
A20: 01050201000000510 | B20: Увеличение прочих остатков денежных средств бюджетов | C20: =C21 -> -4077.1 | D20: =D21 -> -3119 | E20: =E21 -> -3210
A21: 01050201100000510 | B21: Увеличение прочих остатков денежных средств бюджетов сельских поселений | C21: -4077.1 | D21: -3119 | E21: -3210
A22: 01050000000000600 | B22: Уменьшение остатков средств бюджетов | C22: =C25 -> 4151.9 | D22: =D25 -> 3119 | E22: =E25 -> 3210
A23: 01050200000000600 | B23: Уменьшение прочих остатков средств бюджетов | C23: =C25 -> 4151.9 | D23: =D25 -> 3119 | E23: =E25 -> 3210
A24: 01050201000000610 | B24: Уменьшение прочих остатков денежных средств бюджетов | C24: 4151.9 | D24: =D25 -> 3119 | E24: =E25 -> 3210
A25: 01050201100000610 | B25: Уменьшение прочих остатков денежных средств бюджетов сельских поселений | C25: 4151.9 | D25: 3119 | E25: 3210

Sheet пр7
C1: Приложение 7 к решению сессии "О бюджете Новофедоровского сельского поселения Старошайговского муниципального района РМ на 2021 год и на плановый период 2022 и 2023 годов" от 22 апреля 2021 г.№ 42
A2: ПРОГРАММА МУНИЦИПАЛЬНЫХ ВНУТРЕННИХ ЗАИМСТВОВАНИЙ НОВОФЕДОРОВСКОГО СЕЛЬСКОГО ПОСЕЛЕНИЯ СТАРОШАЙГОВСКОГО МУНИЦИПАЛЬНОГО РАЙОНА НА 2021 ГОД И НА ПЛАНОВЫЙ ПЕРИОД 2022 И 2023 ГОДОВ
A6: № п/п | B6: Виды заимствований | C6: тыс.руб
C7: 2020 | D7: 2021 | E7: 2022
A8: 1 | B8: Кредиты кредитных организаций в валюте Российской Федерации | C8: =C9 -> 74.8 | D8: =D9 -> 77 | E8: =E9 -> 79.1
B9: объем привлечения | C9: 74.8 | D9: 77 | E9: 79.1
B10: объем средств, направляемых на погашение основной суммы долга

Sheet Лист1
